 Dungeon Crawl Stone Soup version 0.24-a0-769-g368c1644f8 (webtiles) character file.

Game seed: 6983805369747952707, levelgen mode: deterministic

3896 Kairok the Covert (level 10, -2/50 HPs)
             Began as a Vine Stalker Assassin on Oct 3, 2019.
             Was a Believer of Okawaru.
             Shot with an arrow by a centaur (3 damage)
             ... while petrified by a basilisk
             ... on level 8 of the Dungeon on Oct 4, 2019.
             The game lasted 00:14:25 (6720 turns).

Kairok the Covert (Vine Stalker Assassin)           Turns: 6720, Time: 00:14:26

Health: -2/50      AC:  7    Str: 15    XL:     10   Next: 20%
Magic:  0/11       EV:  2    Int: 11    God:    Okawaru [**....]
Gold:   371        SH:  0    Dex: 18    Spells: 9/9 levels left

rFire    + . .     SeeInvis .   h - +1 rapier (drain)
rCold    . . .     Gourm    .   (no shield)
rNeg     + + +     Faith    +   z - +0 ring mail {rC+}
rPois    ∞         Spirit   +   (no helmet)
rElec    .         Reflect  .   c - +0 cloak
rCorr    .         Harm     .   (no gloves)
MR       +....                  (no boots)
Stlth    ++++......             l - amulet of faith
HPRegen  0.56/turn              p - ring of fire
MPRegen  0.12/turn              t - +2 ring of evasion

@: petrified
A: fangs 3, regeneration 1, magic shield, antimagic bite, no potion heal 3, rot
immunity
a: Heroism, Renounce Religion


You were on level 8 of the Dungeon.
You worshipped Okawaru.
Okawaru was pleased with you.
You were not hungry.

You visited 2 branches of the dungeon, and saw 9 of its levels.

You collected 371 gold pieces.

Inventory:

Hand Weapons
 a - a +3 dagger
 h - a +1 rapier of draining (weapon)
Missiles
 e - 6 curare-tipped darts
 w - 3 boomerangs
 y - 6 poisoned darts (quivered)
Armour
 b - a +0 robe
 c - a +0 cloak (worn)
 z - a +0 ring mail of cold resistance (worn)
Magical Staves
 u - an uncursed staff of power {unknown}
Jewellery
 l - an amulet of faith (around neck)
 p - a ring of fire (left hand)
 t - a +2 ring of evasion (right hand)
 D - an uncursed amulet of the gourmand
Wands
 k - a wand of random effects (37)
 F - a wand of acid (8)
Scrolls
 d - a scroll of immolation
 i - 4 scrolls of blinking
 m - 2 scrolls of remove curse
 o - 3 scrolls of teleportation
 s - a scroll of fear
Potions
 g - 2 potions of lignification
 j - a potion of flight
 n - 5 potions of curing
 q - a potion of invisibility
 r - a potion of brilliance
 x - a potion of magic
 A - a potion of haste
 E - 2 potions of cancellation
Comestibles
 f - 11 rations


   Skills:
 + Level 4.2 Fighting
 + Level 6.9 Short Blades
 + Level 4.6 Throwing
 + Level 5.4 Armour
 + Level 3.8 Dodging
 + Level 10.0 Stealth


You had 9 spell levels left.
You didn't know any spells.
Your spell library was empty.

Dungeon Overview and Level Annotations

Branches:
Dungeon (8/15)             Temple (1/1) D:6            Lair (0/6) D:8

Altars:
Ashenzari
Cheibriados
Elyvilon
Hepliaklqana
Kikubaaqudgha
Nemelex Xobeh
Okawaru
Qazlal
Ru
Sif Muna
Trog
Uskayaw
Vehumet
Wu Jian
Xom
Yredelemnul
Zin
The Shining One
Beogh

Annotations:
D:3 3 runed translucent doors, Johnny's ghost, amateur DgEE


Innate Abilities, Weirdness & Mutations

You have razor-sharp teeth.
Your natural rate of healing is unusually fast.
When hurt, damage is shared between your health and your magic reserves.
Your bite disrupts and absorbs the magic of your enemies.
Potions cannot restore your health.
You are immune to rotting.


Message History

You closely miss the centaur. The hound closely misses you.
The basilisk bites you! The centaur hits you!
* * * LOW HITPOINT WARNING * * *
The hound bites you but does no damage.
Unknown command.
The centaur wields a +0 shortbow.
The centaur shoots an arrow.
The arrow barely misses you. The basilisk gazes at you.
You are slowing down.
The centaur shoots an arrow.
The arrow hits you!
* * * LOW HITPOINT WARNING * * *
You see here an arrow.
Your limbs are stiffening.
You fail to use your ability.
The basilisk bites you!
* * * LOW HITPOINT WARNING * * *
You have turned to stone.
The basilisk bites you!
* * * LOW HITPOINT WARNING * * *
The centaur shoots an arrow.
The arrow hits you.
You die...

...## #..................
...# ##................#
...# #......#...........#
.#............##.......#...
####.###.##...####.........
.## .....#.....#.(.....##.
..# #...........(c.....##
.###..#..........lh(....#..
..#.(.##.......#@#.........
......# #.......##lc.#.....
#...... ....####...†.####..
.........h.. #......... .
...####.....#........P..#
.....#....##...P....%.P...
..........#.......>........
..##..##.##..!P....!.......
...#.#......#...........#(.


You could see a basilisk, a centaur and a hound.

Vanquished Creatures
  Pikel (D:7)
  Grinder (D:5)
  Eustachio (D:5)
  A yak (D:8)
  A hungry ghost (D:7)
  Edmund (D:6)
  A water moccasin (D:5)
  2 sky beasts (D:6)
  A hornet zombie (D:7)
  An orc warrior (D:7)
  2 ice beasts
  6 ogres
  An eye of draining (D:7)
  3 centaurs
  A big kobold (D:6)
  4 bullfrogs (D:7)
  A gnoll sergeant (D:6)
  2 scorpions (D:6)
  A howler monkey (D:5)
  3 crimson imps
  A hound (D:7)
  2 jellies
  4 orc wizards
  An orc priest (D:5)
  3 centaur skeletons
  3 worker ants
  An iguana (D:6)
  A howler monkey zombie (D:5)
  6 gnolls (D:6)
  8 adders
  3 shadow imps
  An ooze (D:3)
  An adder skeleton (D:8)
  A worm (D:3)
  A dart slug (D:1)
  2 leopard geckos
  15 orcs
  2 ball pythons (D:4)
  8 bats
  7 giant cockroaches
  6 goblins
  7 hobgoblins
  5 jackals (D:6)
  3 quokkas
  8 frilled lizards
  7 kobolds
  12 rats
154 creatures vanquished.

Vanquished Creatures (others)
  2 slaves (D:7)
  A shadow imp (D:7)
3 creatures vanquished.

Grand Total: 157 creatures vanquished

Notes
Turn   | Place    | Note
-------+----------+-------------------------------------------
     0 | D:1      | Kairok the Vine Stalker Assassin began the quest for the
                  | Orb.
     0 | D:1      | Reached XP level 1. HP: 11/11 MP: 2/2
    69 | D:1      | Reached skill level 5 in Stealth
   116 | D:1      | Reached skill level 1 in Dodging
   167 | D:1      | Reached XP level 2. HP: 9/15 MP: 3/3
  1111 | D:2      | Reached XP level 3. HP: 17/18 MP: 2/4
  1140 | D:2      | Reached skill level 6 in Stealth
  1853 | D:2      | Gained mutation: Your natural rate of healing is unusually
                  | fast. [Vine Stalker growth]
  1853 | D:2      | Reached XP level 4. HP: 19/23 MP: 5/5
  2106 | D:3      | Noticed an angel
  2108 | D:3      | Found a shimmering altar of Xom.
  2108 | D:3      | Found a glowing silver altar of Zin.
  2259 | D:3      | Found a runed translucent gate.
  2259 | D:3      | Noticed Johnny's ghost (amateur DgEE)
  2260 | D:3      | Found a runed translucent gate.
  2261 | D:3      | Found a roughly hewn altar of Beogh.
  2261 | D:3      | Found a runed translucent gate.
  2603 | D:3      | Reached skill level 1 in Armour
  2603 | D:3      | Reached XP level 5. HP: 20/26 MP: 3/6
  2781 | D:4      | Found an ancient bone altar of Kikubaaqudgha.
  2783 | D:4      | Noticed an ogre
  2844 | D:4      | Killed an ogre
  2844 | D:4      | Reached skill level 7 in Stealth
  2844 | D:4      | Reached XP level 6. HP: 30/30 MP: 7/7
  3282 | D:4      | Found a shimmering blue altar of Sif Muna.
  3512 | D:5      | Entered Level 5 of the Dungeon
  3565 | D:5      | Noticed Eustachio
  3605 | D:5      | Killed Eustachio
  3605 | D:5      | Reached XP level 7. HP: 35/35 MP: 8/8
  3917 | D:5      | Reached skill level 8 in Stealth
  4229 | D:5      | Noticed Grinder
  4240 | D:5      | Paralysed by Grinder for 6 turns
  4255 | D:5      | Killed Grinder
  4255 | D:5      | Gained mutation: You have razor-sharp teeth. [Vine Stalker
                  | growth]
  4255 | D:5      | Reached XP level 8. HP: 18/39 MP: 3/9
  4531 | D:5      | Found a faded altar of an unknown god.
  4531 | D:5      | Found an ornate altar of the Wu Jian Council.
  4537 | D:5      | Found a glowing golden altar of the Shining One.
  4539 | D:5      | Found a sparkling altar of Nemelex Xobeh.
  4540 | D:5      | Found a shattered altar of Ashenzari.
  4726 | D:6      | Reached skill level 9 in Stealth
  4777 | D:6      | Found a staircase to the Ecumenical Temple.
  4797 | Temple   | Entered the Ecumenical Temple
  4848 | Temple   | Became a worshipper of Warmaster Okawaru
  4960 | D:6      | Reached XP level 9. HP: 44/44 MP: 10/10
  5022 | D:6      | Noticed Edmund
  5069 | D:6      | Killed Edmund
  5069 | D:6      | Reached skill level 5 in Short Blades
  5122 | D:6      | Found a basalt altar of Yredelemnul.
  5531 | D:7      | Reached * piety under Okawaru
  5549 | D:7      | Noticed Pikel
  5561 | D:7      | Killed Pikel
  5648 | D:7      | Reached ** piety under Okawaru
  5701 | D:7      | Reached skill level 5 in Armour
  5969 | D:7      | Reached XP level 10. HP: 49/49 MP: 11/11
  5997 | D:7      | Found a hazy altar of Hepliaklqana.
  6207 | D:7      | Reached skill level 10 in Stealth
  6369 | D:8      | Noticed a two-headed ogre
  6371 | D:8      | Noticed a two-headed ogre
  6594 | D:8      | Found a staircase to the Lair.
  6594 | D:8      | Noticed an elephant
  6653 | D:8      | Upgraded the game from 0.24-a0-762-gca426f56c8 to
                  | 0.24-a0-769-g368c1644f8
  6720 | D:8      | HP: 1/50 [basilisk (3)]
  6720 | D:8      | Shot with an arrow by a centaur

Levels and vault maps discovered:
D:1:      erik_arrival_triangle_small, layout_loops_corners, minivault_5,
          minmay_misc_feat_cross, minmay_split_cup_small
D:2:      layout_basic, roderic_filled_cross, minmay_pentomino_p4
D:3:      layout_basic, grunt_temple_overflow_order_and_chaos_1,
          biasface_ghost_orc_armoury
D:4:      layout_basic, led_sif_book, kiku_gazebo_garden_becter,
          minmay_misc_feat_hallway
D:5:      layout_basic, chequers_temple_overflow_minitemple, first_ration,
          minmay_door_square, uniq_grinder, uniq_eustachio
D:6:      layout_loops_ring, lemuel_coloured_pillars_altar,
          minmay_temple_entry_gardened_gates, uniq_edmund
D:7:      layout_loops_ring, kennysheep_little_box, uniq_pikel
D:8:      layout_cave_pools, lemuel_doored_altar, david_lair_generic
Temple:   jpeg_temple_clearing

Skill      XL: |  1  2  3  4  5  6  7  8  9 10 |
---------------+-------------------------------+-----
Stealth        | 5 6 7 8 9 10 | 10.0
Dodging        | 1 2 3 |  3.8
Fighting       | 2 3 4 |  4.2
Short Blades   | 2 3 4 6 |  6.9
Armour         | 1 2 3 4 5 |  5.4
Throwing       | 2 3 4 |  4.6

Action                   |  1- 3 |  4- 6 |  7- 9 | 10-12 || total
-------------------------+-------+-------+-------+-------++-------
Melee: Dagger            |   105 |   106 |       |       ||   211
       Bite              |    15 |    30 |    89 |    25 ||   159
       Rapier            |       |       |   239 |    73 ||   312
Throw: Dart              |       |    23 |    32 |       ||    55
       Throwing net      |       |     1 |     1 |       ||     2
  Use: Scroll            |     7 |     6 |       |     7 ||    20
       Potion            |     3 |     1 |     1 |       ||     5
 Stab: Sleeping          |    10 |    15 |    10 |       ||    35
       Held in net/web   |       |     1 |     3 |       ||     4
       Distracted        |       |       |     2 |     1 ||     3
  Eat: Chunk             |     3 |     4 |     9 |       ||    16
       Ration            |       |       |       |     1 ||     1
Armor: Leather armour    |    33 |    15 |       |       ||    48
       Ring mail         |       |    15 |    45 |    24 ||    84
Dodge: Dodged            |    61 |    69 |   117 |    54 ||   301

Table legend:
 A = Non-vault XP
 B = Vault XP
 C = Vault XP percentage of total XP
 D = Non-vault monster count
 E = Vault monster count
 F = Vault count percentage of total count
                 A         B        C        D         E       F
            +---------+---------+-------+---------+---------+-------
      Total |    4037 |    1530 |  27.5 |     142 |      12 |   7.8
            +---------+---------+-------+---------+---------+-------
        D:1 |      23 |       5 |  17.9 |      13 |       3 |  18.8
        D:2 |      57 |      19 |  25.0 |      23 |       4 |  14.8
        D:3 |      73 |       0 |   0.0 |      16 |       0 |   0.0
        D:4 |     363 |       0 |   0.0 |      15 |       0 |   0.0
        D:5 |     556 |     473 |  46.0 |      14 |       2 |  12.5
        D:6 |    1169 |     171 |  12.8 |      32 |       1 |   3.0
        D:7 |    1539 |     663 |  30.1 |      23 |       1 |   4.2
        D:8 |     257 |     199 |  43.6 |       6 |       1 |  14.3
            +---------+---------+-------+---------+---------+-------
